 Dungeon Crawl Stone Soup version 0.17-b1-15-g0f5fb43 (webtiles) character file.

91 radek the Conjurer (level 4, 0/24 HPs)
             Began as a Deep Elf Conjurer on Nov 3, 2015.
             Slain by glosham's ghost (5 damage)
             ... on level 4 of the Dungeon.
             The game lasted 00:04:30 (2747 turns).

radek the Conjurer (Deep Elf Conjurer)              Turns: 2747, Time: 00:04:30

Health: 0/24       AC:  3    Str:  6    XL:     4   Next: 33%
Magic:  4/10       EV:  8    Int: 20    God:
Gold:   217        SH:  0    Dex: 15    Spells: 1 memorised, 8 levels left

rFire  . . .     SeeInvis .     t - +0 rapier (curse)
rCold  . . .     Clarity  .     a - +0 robe
rNeg   . . .     SustAt   .     (no shield)
rPois  .         Gourm    .     (no helmet)
rElec  .         Spirit   .     (no cloak)
rCorr  .         Warding  .     (no gloves)
rMut   .         Stasis   .     o - +0 pair of boots
MR     .....                    (no amulet)
Stlth  ++........               (no ring)
                                (no ring)

@: not resistant to hostile enchantments, unstealthy
A: no striking features
a: no special abilities


You were on level 4 of the Dungeon.
You were not hungry.

You visited 1 branch of the dungeon, and saw 4 of its levels.

You collected 217 gold pieces.

Inventory:

Hand Weapons
 e - a +0 short sword
 t - a cursed +0 rapier (weapon)
Armour
 a - a +0 robe (worn)
 o - a +0 pair of boots (worn)
Jewellery
 m - an uncursed ring of protection from magic {unknown}
Wands
 p - a wand of heal wounds (5)
Scrolls
 f - 2 scrolls of fear {unknown}
 h - 7 scrolls of identify {unknown}
 i - a scroll of remove curse {unknown}
 n - a scroll of fog {unknown}
 s - 4 scrolls of random uselessness {unknown}
Potions
 d - 6 potions of curing {unknown}
 g - a potion of brilliance {unknown}
 j - a potion of heal wounds {unknown}
 k - a potion of lignification {unknown}
 l - 2 potions of ambrosia {unknown}
Books
 b - a book of Conjurations

   Spells                             Type                      Level
   a - Magic Dart                     Conjuration                  1
   b - Searing Ray                    Conjuration                  2
   c - Dazzling Spray                 Conjuration/Hexes            3
   d - Fulminant Prism                Conjuration/Hexes            4
   e - Iskenderun's Mystic Blast      Conjuration                  4
   f - Iskenderun's Battlesphere      Conjuration/Charms           5
Comestibles
 c - 5 bread rations
 q - 3 fruits
 r - a meat ration


   Skills:
 - Level 2.4 Dodging
 - Level 2.4 Stealth
 - Level 3.0 Spellcasting
 + Level 6.4 Conjurations


You had 8 spell levels left.
You knew the following spells:

 Your Spells              Type           Power        Failure   Level  Hunger
a - Magic Dart            Conj           ####         1%          1    None


Dungeon Overview and Level Annotations

Branches:
Dungeon (4/15)
 Temple: D:4-7

Altars:

Annotations:
D:4 glosham's ghost, amateur DsCK


Message History

Casting: Magic Dart
Confirm with . or Enter, or press ? or * to list all spells.
Aiming: Magic Dart
Press: ? - help, Shift-Dir - straight line, f/p - glosham's ghost
Aim: glosham's ghost, wielding a weapon of chaos (moderately damaged)
The magic dart hits glosham's ghost.
Glosham's ghost is moderately damaged.
Glosham's ghost hits you! Space warps horribly around you!
* * * LOW HITPOINT WARNING * * *
Casting: Magic Dart
Confirm with . or Enter, or press ? or * to list all spells.
Aiming: Magic Dart
Press: ? - help, Shift-Dir - straight line, f/p - glosham's ghost
Aim: glosham's ghost, wielding a weapon of chaos (moderately damaged)
The magic dart hits glosham's ghost.
Glosham's ghost is moderately damaged.
Glosham's ghost hits you.
* * * LOW HITPOINT WARNING * * *
Glosham's ghost hits you.
You die...

### #.. #####.# ...#.#
#.#.############
####W@............####
#......#########......
# #.##.#.# #..####
#.##.##.#.# #..#
#...>...#.# ######..#
####.####.#
#.....W.#### ###.#
#.## #.####..#...
#...###...# ##..#.##
#.#.....#. #...#.#


You could see glosham's ghost.

Vanquished Creatures
  A worker ant (D:4)
  2 adders (D:3)
  2 oozes
  A worm (D:2)
  2 giant geckos
  An orc (D:3)
  3 ball pythons
  A giant cockroach (D:3)
  5 goblins
  2 hobgoblins
  7 kobolds
  A quokka (D:3)
  3 bats
  3 giant newts
  5 rats
39 creatures vanquished.

Notes
Turn   | Place    | Note
--------------------------------------------------------------
     0 | D:1      | radek the Deep Elf Conjurer began the quest for the Orb.
     0 | D:1      | Reached XP level 1. HP: 10/10 MP: 6/6
   213 | D:1      | Reached XP level 2. HP: 15/15 MP: 6/8
   220 | D:1      | Reached skill level 5 in Conjurations
  1026 | D:3      | Reached XP level 3. HP: 19/19 MP: 5/9
  2209 | D:3      | Reached skill level 6 in Conjurations
  2325 | D:4      | Reached XP level 4. HP: 24/24 MP: 5/10
  2447 | D:4      | Noticed glosham's ghost (amateur DsCK)
  2747 | D:4      | Slain by glosham's ghost

Action                   |  1- 3 |  4- 6 || total
-------------------------+-------+-------++-------
Melee: Rapier            |       |     1 ||     1
 Cast: Magic Dart        |    75 |    24 ||    99
  Eat: Chunk             |     4 |     1 ||     5
